 Dungeon Crawl Stone Soup version 0.27.0-1-g7a089689b8 (webtiles) character file.

Game seed: 16567465535548170424

29 Leeroy the Insei (level 3, -10/28 HPs)
             Began as a Djinni Transmuter on Aug 3, 2021.
             Mangled by Sigmund (13 damage)
             ... on level 2 of the Dungeon.
             The game lasted 00:02:29 (1945 turns).

Leeroy the Insei (Djinni Transmuter)                Turns: 1945, Time: 00:02:29

Health: -10/28     AC:  2    Str: 10    XL:     3   Next: 32%
Gold:   10         EV: 12    Int: 14    God:
                   SH:  0    Dex: 13

rFire    + + .     SeeInvis .     - Unarmed
rCold    x . .     Faith    .   (no shield)
rNeg     . . .     Spirit   .   a - +0 robe
rPois    ∞         Reflect  .   (helmet currently unavailable)
rElec    .         Harm     .   (no cloak)
rCorr    .         Rampage  .   (no gloves)
Will     .....                  (boots unavailable)
Stlth    +.........             (no amulet)
HPRegen  0.09/turn              (no ring)
MPRegen  0.00/turn              (no ring)

@: appendages (expiring), wereblooded, flying, very slightly contaminated
A: horns 2, flying, sickness immunity, fire resistance 2, cold vulnerability 1,
float, innate caster, hp casting, extra vitality 1
a: End Transformation


You were on level 2 of the Dungeon.
You had temporarily grown beastly horns.
You visited 1 branch of the dungeon, and saw 2 of its levels.

You collected 10 gold pieces.

Inventory:

Hand Weapons
 f - a +0 falchion
Missiles
 b - 36 stones
 g - a throwing net
Armour
 a - a +0 robe (worn)
 c - a +0 plate armour
Magical Staves
 e - a staff of air
Scrolls
 h - 2 scrolls of identify {unknown}
Potions
 d - a potion of attraction {unknown}


   Skills:
 - Level 2.0 Fighting
 - Level 2.1 Dodging
 - Level 3.8 Unarmed Combat
 + Level 1.5 Spellcasting


You couldn't memorise any spells.
You knew the following spells:

 Your Spells              Type           Power      Damage    Failure   Level
a - Beastly Appendage     Tmut           10%        N/A       13%         1
b - Wereblood             Tmut           5%         N/A       21%         2
c - Spider Form           Tmut/Pois      2%         N/A       36%         3
d - Ice Form              Ice/Tmut       5%         N/A       78%         4
e - Summon Small Mammal   Summ           20%        N/A       13%         1
Your spell library was empty.

Dungeon Overview and Level Annotations

Branches:
Dungeon (2/15)

Altars:

Shops:
D:1 *

Annotations:
D:2 Sigmund


Innate Abilities, Weirdness & Mutations

You have temporarily grown beastly horns.
You are flying.
You are immune to sickness and miasma.
You are immune to poison.
Your flesh is very heat resistant. (rF++)
You are vulnerable to cold. (rC-)
You float through the air rather than walking.
You learn spells naturally, not from books.
Your magical power is your life essence.
You have superior vitality. (+4 HP)


Message History

Casting: Beastly Appendage (safe; 13% risk of failure)
Confirm with . or Enter, or press ? or * to list all spells.
You miscast Beastly Appendage.
Nothing appears to happen.
Sigmund hits you from afar with a +0 scythe.
Casting: Beastly Appendage (safe; 13% risk of failure)
Confirm with . or Enter, or press ? or * to list all spells.
You grow a pair of large bovine horns.
Sigmund misses you.
Casting: Beastly Appendage (safe; 13% risk of failure)
Confirm with . or Enter, or press ? or * to list all spells.
Okay, then.
Casting: Beastly Appendage (safe; 13% risk of failure)
Confirm with . or Enter, or press ? or * to list all spells.
You miscast Wereblood.
Nothing appears to happen.
Sigmund barely misses you.
Casting: Wereblood (safe; 21% risk of failure)
Confirm with . or Enter, or press ? or * to list all spells.
Your blood is infused with primal strength.
Sigmund hits you from afar with a +0 scythe!
Sigmund barely misses you.
You barely miss Sigmund. You headbutt Sigmund!
Sigmund is lightly wounded.
Sigmund closely misses you.
You hit Sigmund.
Sigmund is moderately wounded.
Sigmund hits you with a +0 scythe!
* * * LOW HITPOINT WARNING * * *
You hit Sigmund. You headbutt Sigmund, but do no damage.
Sigmund is moderately wounded.
Sigmund closely misses you.
You closely miss Sigmund. Your headbutt misses Sigmund.
Sigmund is moderately wounded.
Your transformation is almost over.
Sigmund completely misses you.
You hit Sigmund.
Sigmund is heavily wounded.
Sigmund mumbles some strange words.
Sigmund flickers and vanishes!
Deactivating autopickup; reactivate with Ctrl-A.
You closely miss something. Something barely misses you.
You closely miss something. Something hits you!
You die...

...###.####.##...
#.......##..#...
######..........
#..).....## .
##......#.## .$ #
#####..##....... ... #.
###...^.......#...
...##.##...#...###.#.....
........@....### ..#####.
...#.##{###### .## ##
#...b# .......### ......#
b##... .... ..#.# . ..


You could see a bat.

Vanquished Creatures
  An adder (D:2)
  An endoplasm (D:2)
  2 giant cockroaches (D:1)
  2 goblins (D:1)
  A hobgoblin (D:1)
  2 kobolds (D:2)
  A quokka (D:2)
  2 ball pythons
  4 bats
  A frilled lizard (D:1)
  2 rats (D:1)
19 creatures vanquished.

Notes
Turn   | Place    | Note
-------+----------+-------------------------------------------
     0 | D:1      | Leeroy the Djinni Transmuter began the quest for the Orb.
     0 | D:1      | Reached XP level 1. HP: 17/17 MP: 0/0
   236 | D:1      | Found Denyss's General Store.
   395 | D:1      | Reached XP level 2. HP: 20/23 MP: 0/0
  1636 | D:2      | Reached XP level 3. HP: 3/28 MP: 0/0
  1636 | D:2      | Learned a level 1 spell: Summon Small Mammal
  1922 | D:2      | Noticed Sigmund
  1945 | D:2      | Mangled by Sigmund

Illustrated notes

Levels and vault maps discovered:
D:1:      dpeg_arrival_prison, layout_basic, serial_shops, nicolae_square_shop,
          serial_corexii_hall, corexii_hall_statues_i, corexii_hall_statues_i,
          corexii_hall_statues_u, corexii_hall_statues_i
D:2:      layout_rooms, basic_altar, uniq_sigmund

Skill      XL: |  1  2 |
---------------+-------+-----
Fighting       | 2 |  2.0
Dodging        | |  2.1
Unarmed Combat | |  3.8
Spellcasting   | |  1.5

Action                   || total
-------------------------++-------
Melee: Unarmed           ||   119
       Headbutt          ||     3
 Cast: Beastly Appendage ||     6
       Wereblood         ||     1
 Stab: Sleeping          ||     1
Armor: Plate armour      ||    37
       Robe              ||    17
Dodge: Dodged            ||    83
